 Dungeon Crawl Stone Soup version 0.28-a0-8-g6e044cf (webtiles) character file.

Game seed: 9635421035276475799

28 Geeful the Skirmisher (level 3, -4/40 HPs)
             Began as an Ogre Monk on July 24, 2021.
             Slain by a gnoll (6 damage)
             ... on level 3 of the Dungeon.
             The game lasted 00:03:32 (1453 turns).

Geeful the Skirmisher (Ogre Monk)                   Turns: 1453, Time: 00:03:33

Health: -4/40      AC:  3    Str: 16    XL:     3   Next: 14%
Magic:  3/3        EV: 10    Int: 11    God:
Gold:   30         SH:  0    Dex: 11    Spells: 2/2 levels left

rFire   . . .      SeeInvis .   a - +0 mace
rCold   . . .      Faith    .   (no shield)
rNeg    . . .      Spirit   .   b - +0 robe
rPois   .          Reflect  .   (helmet restricted)
rElec   .          Harm     .   (no cloak)
rCorr   +          Rampage  .   (gloves unavailable)
Will    .....                   (boots unavailable)
Stlth   ++........              g - amulet of regeneration
HPRegen 1.13/turn               f - ring of resist corrosion
MPRegen 0.08/turn               (no ring)

@: no status effects
A: large, unfitting armour, tough skin 1
a: no special abilities


You were on level 3 of the Dungeon.
You visited 1 branch of the dungeon, and saw 3 of its levels.

You collected 30 gold pieces.

Inventory:

Hand Weapons
 a - a +0 mace (weapon)
Missiles
 d - 16 poisoned darts (quivered)
Armour
 b - a +0 robe (worn)
Jewellery
 f - a ring of resist corrosion (left hand)
 g - an amulet of regeneration (around neck)
Potions
 e - a potion of resistance {unknown}
 h - a potion of might
 i - a potion of lignification
 j - a potion of flight {unknown}
 m - a potion of curing


   Skills:
 + Level 4.5 Fighting
 + Level 3.0 Maces & Flails
 + Level 0.9 Throwing
 + Level 3.0 Dodging
 - Level 1.4 Stealth


You had 2 spell levels left.
You didn't know any spells.
Your spell library was empty.

Dungeon Overview and Level Annotations

Branches:
Dungeon (3/15)

Altars:
Yredelemnul


Innate Abilities, Weirdness & Mutations

You are too large for most types of armour.
You have tough skin. (AC +1)


Message History

The gnoll barely misses you.
Throw: 20 darts (poison)
Press: ? - help, Q - select action Shift-Dir - straight line, f/p - gnoll
Aim: a gnoll, wielding a +0 spear (poisoned, 61% to hit)
You throw a poisoned dart. The poisoned dart hits the gnoll.
The gnoll is poisoned.
The gnoll is moderately wounded.
Throw: 19 darts (poison)
Press: ? - help, Q - select action Shift-Dir - straight line, f/p - gnoll
Aim: a gnoll, wielding a +0 spear (poisoned, 61% to hit)
You throw a poisoned dart.
The poisoned dart barely misses the gnoll.
The poisoned dart closely misses the gnoll.
The gnoll misses you.
Throw: 18 darts (poison)
Press: ? - help, Q - select action Shift-Dir - straight line, f/p - gnoll
Aim: a gnoll, wielding a +0 spear (poisoned, 61% to hit)
You throw a poisoned dart. The poisoned dart hits the gnoll.
The gnoll is moderately wounded.
The gnoll hits you from afar with a +0 halberd.
Throw: 17 darts (poison)
Press: ? - help, Q - select action Shift-Dir - straight line, f/p - gnoll
Aim: a gnoll, wielding a +0 spear (lightly wounded, poisoned, 61% to hit)
You throw a poisoned dart.
The poisoned dart closely misses the gnoll.
The poisoned dart hits the gnoll.
The gnoll looks even sicker.
The gnoll is lightly wounded.
The gnoll hits you from afar with a +0 halberd!
The gnoll hits you with a +0 halberd!
* * * LOW HITPOINT WARNING * * *
The gnoll hits you from afar with a +0 spear.
* * * LOW HITPOINT WARNING * * *
You see here 2 poisoned darts.
You hit the gnoll.
The gnoll is severely wounded.
The gnoll looks more healthy.
The gnoll barely misses you.
The gnoll hits you from afar with a +0 spear.
* * * LOW HITPOINT WARNING * * *
The gnoll hits you with a +0 halberd.
You die...

##### ##... #).<#
.
#...g########@###
.. ..#(#.g.#wgg.#
.. .gg#.#.#.####
..#.#.(#g#(..# .
.w..g#.#####
....#..#g#
.><....(w#
..########


You could see 2 gnolls and a dart slug.

Vanquished Creatures
  A gnoll (D:3)
  An endoplasm (D:2)
  2 giant cockroaches
  2 goblins
  A quokka (D:2)
  3 ball pythons
  6 bats
  3 frilled lizards
  3 rats
22 creatures vanquished.

Notes
Turn   | Place    | Note
-------+----------+-------------------------------------------
     0 | D:1      | Geeful the Ogre Monk began the quest for the Orb.
     0 | D:1      | Reached XP level 1. HP: 24/24 MP: 1/1
   608 | D:1      | Found a faded altar of an unknown god.
   640 | D:1      | Reached XP level 2. HP: 32/32 MP: 2/2
   832 | D:2      | Found a basalt altar of Yredelemnul.
  1446 | D:3      | Reached XP level 3. HP: 30/40 MP: 3/3
  1453 | D:3      | HP: 2/40 [gnoll (5)]
  1453 | D:3      | Slain by a gnoll

Illustrated notes

Levels and vault maps discovered:
D:1:      sevenhm_arrival_forest_fort_large_4, layout_basic,
          hellmonk_ecumenical_altar_crossroads
D:2:      layout_loops_ring, basic_altar
D:3:      layout_basic, grunt_gozag_breadcrumbs, serial_rivers,
          chequers_serial_rivers_micro_c, chequers_serial_rivers_small_a,
          chequers_serial_rivers_micro_b, chequers_serial_rivers_micro_b,
          chequers_serial_rivers_room_a, chequers_serial_rivers_small_a,
          kennysheep_generic_room_3

Skill      XL: |  1  2 |
---------------+-------+-----
Maces & Flails | 3 |  3.0
Dodging        | 3 |  3.0
Fighting       | |  4.5
Throwing       | |  0.9
Stealth        | |  1.4

Action                   || total
-------------------------++-------
Melee: Mace              ||    72
Throw: Dart              ||    16
  Use: Scroll            ||     7
 Stab: Sleeping          ||     1
Armor: Robe              ||    22
Dodge: Dodged            ||    54

Table legend: (Time is in decaauts)
 A = Elapsed time spent in this place.
 B = Non-inter-level travel time spent in this place.
 C = Inter-level travel time spent in this place.
 D = Time resting spent in this place.
 E = Time spent auto-exploring this place.
 F = Levels seen in this place.
 G = Mean time per level.
                   A        B        C        D        E       F      G
               +--------+--------+--------+--------+--------+-----+--------+
         Total |   1470 |   1410 |     60 |      0 |   1181 |   3 |  490.0 |
       Dungeon |   1470 |   1410 |     60 |      0 |   1181 |   3 |  490.0 |
               +--------+--------+--------+--------+--------+-----+--------+

Top non-repeatable levels by time:
     D:1: 806 daAuts
     D:2: 607 daAuts
     D:3: 56 daAuts
